 Dungeon Crawl Stone Soup version 0.32-a0-411-g744942f433 (webtiles) character file.

Game seed: 18336742111879810327

669 Dittersdorf the Covered (level 7, -12/44 HPs)
             Began as a Gargoyle Fighter on Feb 20, 2024.
             Mangled by an ogre
             ... wielding a +0 giant spiked club
              (23 damage)
             ... on level 4 of the Dungeon.
             The game lasted 00:03:18 (3401 turns).

Dittersdorf the Covered (Gargoyle Fighter)          Turns: 3401, Time: 00:03:19

Health: -12/44     AC: 16    Str: 22    XL:     7   Next: 58%
Magic:  7/7        EV:  8    Int:  8    God:
Gold:   163        SH:  5    Dex:  9    Spells: 6/6 levels left

rFire   . . .        m - +0 morningstar
rCold   . . .        c - +0 buckler
rNeg    + . .        g - +0 chain mail
rPois   ∞            (no helmet)
rElec   +            p - +0 cloak
rCorr   .            (no gloves)
SInv    .            (no boots)
Will    .....        (no amulet) Stlth
                     o - ring of flight
HPRegen 0.27/turn    (no ring)
MPRegen 0.10/turn

%: no passive effects
@: flying
A: sickness immunity, AC +4, negative energy resistance 1, electricity
resistance, torment resistance 1, petrification resistance
a: no special abilities


You were on level 4 of the Dungeon.
You visited 1 branch of the dungeon, and saw 5 of its levels.

You collected 163 gold pieces.

Inventory:

Hand Weapons
 m - a +0 morningstar (weapon)
Missiles
 l - 2 throwing nets (quivered)
Armour
 c - a +0 buckler (worn)
 g - a +0 chain mail (worn)
 p - a +0 cloak (worn)
Jewellery
 o - a ring of flight (left hand)
Wands
 r - a wand of paralysis (10)
Scrolls
 b - 3 scrolls of fog {unknown}
 h - 2 scrolls of vulnerability {unknown}
 i - 2 scrolls of teleportation
 k - a scroll of immolation {unknown}
 q - a scroll of fear {unknown}
 s - a scroll of enchant armour {unknown}
Potions
 a - a potion of enlightenment {unknown}
 d - a potion of might
 e - a potion of heal wounds {unknown}
 f - a potion of resistance {unknown}
 j - 2 potions of mutation {unknown}
 n - a potion of degeneration {unknown}


   Skills:
 + Level 5.4 Fighting
 + Level 4.4 Maces & Flails
 + Level 5.5 Armour
 + Level 5.4 Shields


You had 6 spell levels left.
You didn't know any spells.
Your spell library was empty.

Dungeon Overview and Level Annotations

Branches:
Dungeon (5/15)
 Temple: D:4-7

Altars:
Hepliaklqana

Shops:
D:1 *   D:2 [


Innate Abilities, Weirdness & Mutations

You are immune to sickness and miasma.
Your stone body is resilient. (AC +4)
You are immune to poison.
You resist negative energy. (rN+)
You are resistant to electric shocks. (rElec)
You are resistant to unholy torment.
You are immune to petrification.


Message History

No target in view!
No target in view!
No target in view!
No target in view!
No target in view!
No target in view!
No target in view!
No target in view!
No target in view!
An ogre comes into view. It is wielding a +0 giant spiked club.
You see here a scroll labelled HAHOHI ZI FOC.
An adder comes into view.
The adder hisses angrily.
You see here a scroll labelled HAHOHI ZI FOC.
s - a scroll labelled HAHOHI ZI FOC The adder bites you but does no damage.
The adder attacks as it pursues you! The adder closely misses you.
The ogre hits you with a +0 giant spiked club!!
Ouch! That really hurt!
The adder attacks as it pursues you! The adder bites you but does no damage.
The adder attacks as it pursues you! The adder bites you but does no damage.
The adder closely misses you.
There is a stone staircase leading up here.
The ogre hits you with a +0 giant spiked club!
* * * LOW HITPOINT WARNING * * *
The adder closely misses you.
You fly upwards.
There is a stone staircase leading down here.
You barely miss the ogre. The adder bites you but does no damage.
The ogre hits you but does no damage.
You hit the ogre.
The ogre is moderately wounded.
You block the adder's attack. The adder bites you but does no damage.
The ogre hits you but does no damage.
You barely miss the ogre.
The ogre is moderately wounded.
The adder barely misses you. You block the adder's attack.
The ogre hits you with a +0 giant spiked club!!
Ouch! That really hurt!
You die...

##########
#........####
#.###.......#
######### #.#
#.......# #.......#
#.###.......###
#.#####.#
#.##........... #.#
#.# #.##........###
#.#
#.######.##........##.
#.#
#...S@O....<..........
#.#
###########.#########.
##.# #.# ## #..# #.# #
#.## #.# ### #.# #.#
#.. #.# #.# #.# #.#
####.## #.# #.#
####.....#######.#


You could see an ogre and an adder.

Vanquished Creatures
  Sigmund (D:3)
  A black bear (D:4)
  A jelly (D:4)
  A bombardier beetle (D:4)
  Crazy Yiuf (D:3)
  2 iguanas (D:4)
  6 gnolls
  6 adders
  3 dart slugs (D:4)
  3 ribbon worms
  9 orcs
  3 endoplasms
  3 giant cockroaches
  7 hobgoblins
  10 kobolds
  5 quokkas
  6 ball pythons
  5 bats
  4 frilled lizards
  6 goblins
  3 rats
86 creatures vanquished.

Notes
Turn   | Place    | Note
-------+----------+-------------------------------------------
     0 | D:1      | Dittersdorf the Gargoyle Fighter began the quest for the
                  | Orb.
     0 | D:1      | Reached XP level 1. HP: 14/14 MP: 1/1
   153 | D:1      | Reached XP level 2. HP: 19/19 MP: 2/2
   452 | D:1      | Found Joyz's Assorted Antiques.
   497 | D:1      | Reached XP level 3. HP: 23/23 MP: 3/3
   547 | D:1      | Found a faded altar of an unknown god.
   650 | D:1      | You fall into a shaft and drop 1 floor!
  1098 | D:2      | Reached XP level 4. HP: 26/29 MP: 4/4
  1236 | D:2      | Found a hazy altar of Hepliaklqana.
  1541 | D:2      | Found Asax Jay's Armour Emporium.
  1744 | D:3      | Reached XP level 5. HP: 29/33 MP: 5/5
  1919 | D:3      | Noticed Sigmund
  1928 | D:3      | Killed Sigmund
  1929 | D:3      | Reached XP level 6. HP: 39/39 MP: 6/6
  2041 | D:3      | Found a runed translucent door.
  2042 | D:3      | Noticed Crazy Yiuf
  2392 | D:3      | Killed Crazy Yiuf
  2586 | D:4      | Reached skill level 5 in Armour
  2594 | D:4      | Reached skill level 5 in Shields
  2815 | D:4      | Noticed a black bear
  2820 | D:4      | Reached skill level 5 in Fighting
  2823 | D:4      | Killed a black bear
  2824 | D:4      | Reached XP level 7. HP: 33/44 MP: 7/7
  3379 | D:5      | Entered Level 5 of the Dungeon
  3401 | D:4      | Mangled by an ogre

Illustrated notes

Levels and vault maps discovered:
D:1:      dpeg_arrival_arbitrary_b, layout_basic,
          hellmonk_ecumenical_altar_arch_garden, serial_shops, shop
D:2:      layout_basic, basic_altar, serial_shops, nicolae_shop_peninsula,
          minmay_misc_feat_iff, hangedman_abyss_or_decor_stabs,
          grunt_ministairs_7
D:3:      layout_rooms, nicolae_the_louvre, uniq_sigmund,
          uniq_crazy_yiuf_cottage
D:4:      layout_loops_ring
D:5:      layout_cave_pools, mainiacjoe_overflow_paths, gup_sewer_entry_spiral,
          uniq_eustachio

Skill      XL: |  1  2  3  4  5  6 |
---------------+-------------------+-----
Shields        | 4 5 |  5.4
Armour         | 4 5 |  5.5
Fighting       | 4 5 |  5.4
Maces & Flails | 3 4 |  4.4

Action                     |  1- 3 |  4- 6 |  7- 9 || total
---------------------------+-------+-------+-------++-------
  Melee: Flail             |   113 |    70 |       ||   183
         Morningstar       |       |    96 |    45 ||   141
    Use: Scroll            |       |     3 |       ||     3
 Armour: Scale mail        |    13 |       |       ||    13
         Chain mail        |    87 |   136 |    34 ||   257
  Dodge: Dodged            |    60 |    77 |    21 ||   158
  Block: Buckler           |    27 |    38 |     9 ||    74

Table legend: (Time is in decaauts)
 A = Elapsed time spent in this place.
 B = Non-inter-level travel time spent in this place.
 C = Inter-level travel time spent in this place.
 D = Time resting spent in this place.
 E = Time spent auto-exploring this place.
 F = Levels seen in this place.
 G = Mean time per level.
                   A        B        C        D        E       F      G
               +--------+--------+--------+--------+--------+-----+--------+
         Total |   3494 |   3270 |    224 |    227 |   2270 |   5 |  698.8 |
       Dungeon |   3494 |   3270 |    224 |    227 |   2270 |   5 |  698.8 |
               +--------+--------+--------+--------+--------+-----+--------+

Top non-repeatable levels by time:
     D:1: 1000 daAuts
     D:3: 902 daAuts
     D:4: 838 daAuts
     D:2: 733 daAuts
     D:5: 20 daAuts
